 Dungeon Crawl Stone Soup version 0.20-b1-2-gc5a9893 (webtiles) character file.

3325 Jawreze the Carver (level 10, -1/74 HPs)
             Began as a Human Fighter on May 21, 2017.
             Slain by a sixfirhy (11 damage)
             ... summoned by a kobold demonologist
             ... on level 8 of the Dungeon.
             The game lasted 00:19:18 (10030 turns).

Jawreze the Carver (Human Fighter)                 Turns: 10030, Time: 00:19:19

Health: -1/74      AC:  9    Str: 17    XL:     10   Next: 21%
Magic:  10/10      EV:  9    Int: 13    God:
Gold:   361        SH:  9    Dex: 12    Spells: 9/9 levels left

rFire    . . .     SeeInvis +   G - +8 hand axe of Karoxky {chop, rN++ Int-2 SInv}
rCold    + . .     Gourm    .   c - +0 shield
rNeg     + + .     Faith    .   F - +2 scale mail {rC+}
rPois    .         Spirit   .   (no helmet)
rElec    .         Reflect  .   (no cloak)
rCorr    .         Harm     .   (no gloves)
MR       .....                  (no boots)
Stlth    +.........             (no amulet)
Regen    0.3/turn               u - ring of stealth
MPRegen  0.2/turn               A - +3 ring of intelligence

@: no status effects
A: no striking features
a: no special abilities


You were on level 8 of the Dungeon.
You were not hungry.

You visited 2 branches of the dungeon, and saw 9 of its levels.

You collected 361 gold pieces.

Inventory:

Hand Weapons
 k - a +0 hunting sling
 G - the +8 hand axe of Karoxky (weapon) {chop, rN++ Int-2 SInv}
   (You found it on level 4 of the Dungeon)

   It inflicts extra damage upon your enemies.
   It affects your intelligence (-2).
   It greatly protects you from negative energy.
   It lets you see invisible.
 U - a +3 long sword
Missiles
 g - 19 sling bullets
 h - 50 bolts
 m - 234 stones (quivered)
Armour
 c - a +0 shield (worn)
 F - a +2 scale mail of cold resistance (worn)
Magical Staves
 I - an uncursed staff of summoning
Jewellery
 u - a ring of stealth (left hand)
 w - an uncursed ring of see invisible
 A - a +3 ring of intelligence (right hand)
Wands
 J - a wand of paralysis (13/24)
 K - a wand of digging (11/24)
 L - a wand of lightning (8/15)
 O - a wand of digging (11/24)
 Q - a wand of lightning (4/15)
 R - a wand of iceblast (10/15)
Scrolls
 b - a scroll of immolation {unknown}
 d - a scroll of holy word {unknown}
 e - 9 scrolls of identify {unknown}
 j - 2 scrolls of blinking {unknown}
 l - 3 scrolls of enchant weapon {unknown}
 p - 3 scrolls of amnesia {unknown}
 r - 2 scrolls of fog {unknown}
 y - 2 scrolls of enchant armour {unknown}
 z - a scroll of fear {unknown}
 B - 5 scrolls of remove curse {unknown}
 D - 6 scrolls of teleportation {unknown}
 E - a scroll of noise {unknown}
 N - a scroll of vulnerability {unknown}
 S - a scroll of magic mapping {unknown}
Potions
 i - 2 potions of lignification {unknown}
 n - a potion of degeneration {unknown}
 o - a potion of berserk rage {unknown}
 q - 3 potions of brilliance {unknown}
 s - a potion of flight {unknown}
 t - 3 potions of curing {unknown}
 H - a potion of magic {unknown}
Books
 C - a book of Minor Magic

   Spells                             Type                      Level
   a - Magic Dart                     Conjuration                  1
   b - Blink                          Translocation                2
   c - Call Imp                       Summoning                    2
   d - Slow                           Hexes                        2
   e - Conjure Flame                  Conjuration/Fire             3
   f - Mephitic Cloud                 Conjuration/Poison/Air       3
 P - a book of Changes

   Spells                             Type                      Level
   a - Beastly Appendage              Transmutation                1
   b - Sticks to Snakes               Transmutation                2
   c - Spider Form                    Transmutation/Poison         3
   d - Ice Form                       Ice/Transmutation            4
   e - Blade Hands                    Transmutation                5
Comestibles
 f - 8 bread rations
 x - 3 royal jellies
 M - 4 fruits
 T - 2 meat rations


   Skills:
 + Level 5.0 Fighting
 - Level 11.2 Long Blades
 + Level 4.8 Armour
 + Level 3.7 Dodging
 + Level 5.2 Shields


You had 9 spell levels left.
You didn't know any spells.

Dungeon Overview and Level Annotations

Branches:
Dungeon (8/15)             Temple (1/1) D:5
   Lair: D:8-11

Altars:
Ashenzari
Cheibriados
Dithmenos
Elyvilon
Hepliaklqana
Kikubaaqudgha
Makhleb
Nemelex Xobeh
Qazlal
Ru
Trog
Uskayaw
Vehumet
Xom
Yredelemnul
Zin
The Shining One

Shops:
D:6 (

Annotations:
D:5 1 runed door


Message History

The kobold demonologist is moderately wounded.
You closely miss the sixfirhy. You hit the chaos spawn.
The sixfirhy hits you but does no damage.
The sixfirhy barely misses you. You block the chaos spawn's attack.
The kobold demonologist hits you but does no damage.
You block the chaos spawn's attack.
The kobold demonologist closely misses you.
You slash the kobold demonologist!
The kobold demonologist is heavily wounded.
You slash the chaos spawn! You hit the sixfirhy.
The chaos spawn degenerates into a cloud of primal chaos!
The kobold demonologist completely misses you.
You hit the kobold demonologist.
The kobold demonologist is severely wounded.
You hit the sixfirhy. The sixfirhy hits you! The sixfirhy shocks you!
* * * LOW HITPOINT WARNING * * *
You block the sixfirhy's attack. The sixfirhy hits you.
* * * LOW HITPOINT WARNING * * *
The sixfirhy shocks you!
You die...

#># #.### ##....
...? #..# #..# ##
#.####ยง.####....
#.....)@[)......
###...K#3###.###
#...#.)[.......
#.#.#...####.###
...:.....#
##.#.#....
......##.. ####.#
#### ##


You could see a kobold demonologist and a sixfirhy.

Vanquished Creatures
  The ghost of IjonTichy1 the Chiller, a novice BaIE (D:5)
  Sigmund (D:5)
  Eustachio (D:6)
  Edmund (D:5)
  A necrophage (D:6)
  An ice beast (D:6)
  2 sky beasts
  A phantom (D:7)
  3 ogres
  A centaur (D:7)
  4 big kobolds
  A crocodile (D:7)
  3 bullfrogs
  A scorpion (D:7)
  3 killer bees (D:7)
  4 wights (D:7)
  2 howler monkeys
  2 crimson imps
  4 hounds
  2 orc priests
  2 centaur skeletons
  7 orc wizards
  5 worker ants
  2 hound zombies
  2 hound skeletons
  A worker ant zombie (D:5)
  8 adders
  A gnoll (D:1)
  A howler monkey skeleton (D:4)
  A shadow imp (D:7)
  An ooze (D:2)
  An adder zombie (D:6)
  2 adder skeletons (D:6)
  A worm (D:2)
  4 leopard geckos
  35 orcs
  3 bats
  3 giant cockroaches
  4 goblins
  8 hobgoblins
  15 jackals
  2 quokkas
  4 ball pythons
  8 frilled lizards
  A giant cockroach zombie (D:6)
  A jackal skeleton (D:4)
  7 kobolds
  A leopard gecko zombie (D:5)
  A quokka skeleton (D:7)
  5 rats
  2 butterflies (D:5)
178 creatures vanquished.

Notes
Turn   | Place    | Note
-------+----------+-------------------------------------------
     0 | D:1      | Jawreze the Human Fighter began the quest for the Orb.
     0 | D:1      | Reached XP level 1. HP: 18/18 MP: 1/1
    71 | D:1      | Reached XP level 2. HP: 20/24 MP: 2/2
   454 | D:1      | Reached skill level 3 in Long Blades
   454 | D:1      | Reached XP level 3. HP: 23/29 MP: 3/3
   677 | D:1      | Found a sparkling altar of Nemelex Xobeh.
  1136 | D:2      | Reached skill level 4 in Long Blades
  1136 | D:2      | Reached XP level 4. HP: 13/35 MP: 4/4
  1706 | D:2      | Found a faded altar of an unknown god.
  1747 | D:2      | Found an ancient bone altar of Kikubaaqudgha.
  2329 | D:3      | Reached skill level 5 in Long Blades
  2329 | D:3      | Reached XP level 5. HP: 36/41 MP: 5/5
  2393 | D:3      | Noticed an ogre
  3063 | D:4      | Reached XP level 6. HP: 20/47 MP: 6/6
  3407 | D:4      | Reached skill level 6 in Long Blades
  4281 | D:4      | Got an ancient hand axe
  4282 | D:4      | Identified the +8 hand axe of Karoxky {chop, rN++ Int-2 SInv} (You found it on level 4 of the Dungeon)
  4638 | D:4      | Noticed an ogre
  4739 | D:3      | Killed an ogre
  5004 | D:5      | Entered Level 5 of the Dungeon
  5021 | D:5      | Reached skill level 7 in Long Blades
  5021 | D:5      | Reached XP level 7. HP: 48/52 MP: 7/7
  5042 | D:5      | Found a staircase to the Ecumenical Temple.
  5061 | Temple   | Entered the Ecumenical Temple
  5222 | D:5      | Noticed Sigmund
  5243 | D:5      | Killed Sigmund
  5316 | D:5      | Noticed IjonTichy1's ghost (novice BaIE)
  5323 | D:5      | Killed IjonTichy1's ghost
  5323 | D:5      | Reached skill level 8 in Long Blades
  5323 | D:5      | Reached XP level 8. HP: 48/58 MP: 8/8
  5365 | D:5      | Noticed Edmund
  5390 | D:5      | Killed Edmund
  5390 | D:5      | Reached skill level 9 in Long Blades
  5595 | D:5      | Found a glowing silver altar of Zin.
  5619 | D:5      | Found a runed door.
  5619 | D:5      | Noticed an angel
  5916 | D:6      | Reached skill level 10 in Long Blades
  6078 | D:6      | Noticed Eustachio
  6107 | D:6      | Killed Eustachio
  6220 | D:6      | Reached XP level 9. HP: 46/63 MP: 9/9
  6423 | D:6      | Found Kodur's Weapon Shop.
  6471 | D:6      | Reached skill level 11 in Long Blades
  6937 | D:7      | Reached skill level 1 in Dodging
  7024 | D:7      | Found a glowing silver altar of Zin.
  7729 | D:7      | Found a bloodstained altar of Trog.
  9201 | D:8      | Reached XP level 10. HP: 67/73 MP: 10/10
  9458 | D:8      | Reached skill level 5 in Shields
  9771 | D:8      | Noticed a kobold demonologist
 10024 | D:8      | Reached skill level 5 in Fighting
 10025 | D:8      | Paralysed by a chaos spawn for 2 turns
 10026 | D:8      | Noticed a sixfirhy
 10030 | D:8      | Slain by a sixfirhy

Skill      XL: |  1  2  3  4  5  6  7  8  9 10 |
---------------+-------------------------------+-----
Long Blades    | 3 4 5 7 8 10 11 | 11.2
Dodging        | 2 3 |  3.7
Shields        | 4 5 |  5.2
Fighting       | 4 5 |  5.0
Armour         | 4 |  4.8

Action                   |  1- 3 |  4- 6 |  7- 9 | 10-12 || total
-------------------------+-------+-------+-------+-------++-------
Melee: Long sword        |    87 |   189 |    17 |       ||   293
       Hand axe          |       |    25 |   272 |    69 ||   366
 Fire: Hunting sling     |       |       |     4 |       ||     4
  Use: Potion            |       |       |     5 |       ||     5
  Eat: Chunk             |     1 |    12 |    11 |       ||    24
       Royal jelly       |       |       |     1 |       ||     1
       Meat ration       |       |       |       |     1 ||     1
Armor: Scale mail        |    61 |    63 |   138 |    30 ||   292
Dodge: Dodged            |    34 |    57 |    86 |    31 ||   208
Block: Shield            |    48 |    99 |   128 |    52 ||   327
       Rpst.: Long sword |    11 |    19 |       |       ||    30
